 Dungeon Crawl Stone Soup version 0.31.0-12-g77e489cdc1 (webtiles) character file.

Game seed: 2703221220319239323

2191 H0rd4k the Martial Artist (level 9, -1/55 (58) HPs)
             Began as an Octopode Artificer on Feb 27, 2024.
             Was an Initiate of Gozag.
             Slain by a wight
             ... wielding a +1 spear of venom
              (6 damage)
             ... on level 8 of the Dungeon.
             The game lasted 00:07:59 (6100 turns).

H0rd4k the Martial Artist (Octopode Artificer)      Turns: 6100, Time: 00:08:01

HP:   -1/55 (58)    AC:  5    Str: 12    XL:     9   Next: 33%
MP:   9/9           EV: 13    Int: 17    God:    Gozag
Gold: 511           SH:  0    Dex: 12    Spells: 8/8 levels left

rFire   . .          .
                       - Unarmed
rCold   . . .        (no shield)
rNeg    + . .        (helmet currently unavailable)
rPois   .            (no amulet)
rElec   .            m - +4 ring of protection
rCorr   .            r - ring of positive energy
SInv    .            (no ring)
Will    .....        (no ring)
Stlth   +++          (no ring)
HPRegen 0.29/turn    (no ring)
MPRegen 0.11/turn    (no ring)
                     (no ring)

%: no passive effects
@: brilliant, beast-form, gold aura, drained
A: beast (slay +3), almost no armour, amphibious, 8 rings, camouflage 1,
gelatinous body 1, (nimble swimmer 1), tentacles
a: Begin Untransformation, Renounce Religion, Potion Petition, Call Merchant,
Bribe Branch


You were on level 8 of the Dungeon.
You worshipped Gozag.
Gozag was pleased with you.
You were a hulking beast.
You visited 2 branches of the dungeon, and saw 9 of its levels.

You collected 625 gold pieces.
You paid 114 gold pieces to Gozag.

Inventory:

Missiles
 i - 11 poisoned darts
Armour
 u - an orb of wrath
Magical Staves
 k - a staff of earth
Jewellery
 m - a +4 ring of protection (left tentacle)
 r - a ring of positive energy (right tentacle)
Talismans
 v - a flux talisman
 y - a beast talisman (active)
 B - a storm talisman
Wands
 c - a wand of charming (13)
 d - a wand of iceblast (2)
 t - a wand of mindburst (9)
 D - a wand of digging (3)
 G - a wand of polymorph (6)
Scrolls
 a - 4 scrolls of vulnerability {unknown}
 e - 8 scrolls of identify {unknown}
 h - 2 scrolls of fog {unknown}
 j - a scroll of fear {unknown}
 n - 2 scrolls of teleportation {unknown}
 o - a scroll of amnesia {unknown}
 p - a scroll of enchant armour {unknown}
 x - a scroll of poison {unknown}
Potions
 b - a potion of magic {unknown}
 f - 4 potions of curing
 g - a potion of mutation {unknown}
 l - 2 potions of might {unknown}
 q - 3 potions of brilliance
 s - a potion of berserk rage {unknown}
 w - a potion of degeneration {unknown}
 z - a potion of invisibility {unknown}
 A - a potion of lignification {unknown}
 C - a potion of enlightenment {unknown}
 E - a potion of haste {unknown}
 F - a potion of ambrosia {unknown}


   Skills:
 + Level 3.9 Fighting
 - Level 2.3 Dodging
 - Level 1.3 Stealth
 + Level 9.4 Unarmed Combat
 - Level 3.2 Evocations
 * Level 5.7 Shapeshifting


You had 8 spell levels left.
You didn't know any spells.
Your spell library contained the following spells:

 Spells                   Type           Power      Damage    Failure   Level
 Slow                     Hex            0%         N/A       24%         1
 Ensorcelled Hibernation  Hex/Ice        0%         N/A       34%         2
 Confusing Touch          Hex            0%         N/A       56%         3
 Fugue of the Fallen      Necr           0%         N/A       56%         3
 Sigil of Binding         Hex            0%         N/A       56%         3
 Stone Arrow              Conj/Erth      0%         3d7       56%         3
 Vampiric Draining        Necr           0%         2d6       56%         3
 Anguish                  Hex/Necr       0%         N/A       93%         4
 Lehudib's Crystal Spear  Conj/Erth      0%         10d2      100%        8
 Animate Armour           Summ/Erth      Unusable   N/A       N/A         4

Dungeon Overview and Level Annotations

Branches:
Dungeon (8/15)             Temple (1/1) D:6
   Lair: D:8-11

Altars:
Ashenzari
Cheibriados
Dithmenos
Elyvilon
Fedhas
Gozag
Hepliaklqana
Kikubaaqudgha
Makhleb
Nemelex Xobeh
Qazlal
Ru
Sif Muna
Trog
Uskayaw
Vehumet
Wu Jian
Xom
Yredelemnul
Zin
The Shining One

Shops:
D:1 !([   D:5 :   D:7 **

Annotations:
D:5 exclusion: downstairs
D:6 1 runed translucent door, exclusions: door and ice beast, nitefall's ghost, novice MiBe


Innate Abilities, Weirdness & Mutations

You are a hulking beast.
Your limbs bulge with bestial killing power. (Slay +3)
You cannot wear most types of armour.
You are amphibious.
You can wear up to eight rings at the same time.
Your skin changes colour to match your surroundings (Stealth+).
Your rubbery body absorbs attacks. (AC +1, EV +1)
((You are camouflaged when in or above water. (Stealth+)))
You have tentacles for arms and can constrict up to eight enemies at once.


Message History

The wight misses you.
You barely miss the wight. Your grab misses the wight.
You squeeze the wight, but do no damage.
The wight is moderately damaged.
The wight hits you from afar with a +1 spear of venom!
You partially resist.
You feel drained.
You are poisoned.
The wight closely misses you.
You tentacle-slap the wight but do no damage.
Your grab misses the wight.
You squeeze the wight, but do no damage.
The wight is moderately damaged.
You feel very sick.
The wight hits you with a +3 spear of freezing!
The wight freezes you.
The wight hits you from afar with a +1 spear of venom.
You partially resist.
You feel drained.
You are lethally poisoned!
Okay, then.
* * * LOW HITPOINT WARNING * * *
You feel very sick. The wight closely misses you.
It was a potion of brilliance.
You feel clever all of a sudden.
* * * LOW HITPOINT WARNING * * *
You feel very sick. The wight closely misses you.
The wight hits you from afar with a +1 spear of venom.
* * * LOW HITPOINT WARNING * * *
You partially resist.
You feel drained.
* * * LOW HITPOINT WARNING * * *
Okay, then.
It was a potion of curing.
You feel better.
The wight hits you from afar with a +3 spear of freezing.
* * * LOW HITPOINT WARNING * * *
The wight freezes you.
* * * LOW HITPOINT WARNING * * *
The wight hits you from afar with a +1 spear of venom.
You die...
Your body crumbles into a pile of gold.

#...<.......#....#
#.....##...##....#
#.....##...##....#
#...........#....# .
##....##....#....# ..
#...<##....#....##...
#....#######.........
#....##...##.$......"
.......#.....h.z.##..#
........#.........# ###
.##.....+......z......z
#........!.....
#...##$........ ####
#....##... ...... ...
....... .. #....<...


You could see 2 wights.

Vanquished Creatures
  Menkaure (D:6)
  An orc warrior (D:7)
  3 black bears
  3 ogres
  A scorpion (D:7)
  2 bullfrogs (D:7)
  4 wights
  4 killer bees (D:7)
  2 bombardier beetles
  8 hounds
  3 jellies
  A gnoll bouda (D:7)
  An iguana (D:4)
  2 sleepcaps
  An orc wizard (D:3)
  3 gnolls (D:7)
  6 adders
  A shadow imp (D:5)
  2 white imps
  8 ufetubi
  A ribbon worm (D:2)
  3 dart slugs
  18 orcs
  7 ball pythons
  3 bats
  13 endoplasms
  A giant cockroach (D:2)
  A hobgoblin (D:4)
  12 jackals
  8 kobolds
  3 quokkas
  4 frilled lizards
  3 goblins
  4 rats
138 creatures vanquished.

Vanquished Creatures (collateral kills)
  A centaur (D:7)
  An orc wizard (D:7)
  3 orcs (D:7)
5 creatures vanquished.

Vanquished Creatures (others)
  A hound (D:6)
1 creature vanquished.

Grand Total: 144 creatures vanquished

Notes
Turn   | Place    | Note
-------+----------+-------------------------------------------
     0 | D:1      | H0rd4k the Octopode Artificer began the quest for the Orb.
     0 | D:1      | Reached XP level 1. HP: 13/13 MP: 1/1
    60 | D:1      | Found Hakh's Antique Weapon Emporium.
   144 | D:1      | Reached XP level 2. HP: 19/19 MP: 2/2
   147 | D:1      | Found Seusak's Distillery.
   201 | D:1      | Found Xaarops's Antique Armour Boutique.
   366 | D:1      | Reached skill level 1 in Unarmed Combat
   708 | D:2      | Reached XP level 3. HP: 14/24 MP: 3/3
   782 | D:2      | Reached skill level 2 in Unarmed Combat
  1180 | D:2      | Reached XP level 4. HP: 29/29 MP: 4/4
  1292 | D:3      | Reached skill level 3 in Unarmed Combat
  1456 | D:3      | Reached XP level 5. HP: 29/34 MP: 5/5
  1576 | D:3      | Reached skill level 4 in Unarmed Combat
  2148 | D:4      | Reached XP level 6. HP: 41/41 MP: 6/6
  2262 | D:4      | Reached skill level 5 in Unarmed Combat
  2262 | D:4      | Reached skill level 1 in Shapeshifting
  2494 | D:4      | Found a glowing golden altar of the Shining One.
  2731 | D:4      | Found a glowing silver altar of Zin.
  2766 | D:5      | Entered Level 5 of the Dungeon
  2982 | D:5      | Reached XP level 7. HP: 37/45 MP: 7/7
  3032 | D:5      | Found Enwutodda's Self-Improvement Boutique.
  3046 | D:5      | Reached skill level 6 in Unarmed Combat
  3395 | D:6      | Found a runed translucent door.
  3396 | D:6      | Noticed nitefall's ghost (novice MiBe)
  3512 | D:6      | Noticed Menkaure
  3518 | D:6      | Killed Menkaure
  3519 | D:6      | Reached skill level 7 in Unarmed Combat
  3519 | D:6      | Reached XP level 8. HP: 15/52 MP: 8/8
  3654 | D:6      | Found a staircase to the Ecumenical Temple.
  3720 | Temple   | Entered the Ecumenical Temple
  3730 | Temple   | Became a worshipper of Gozag Ym Sagoz the Greedy
  4626 | D:7      | Reached skill level 8 in Unarmed Combat
  4950 | D:7      | Reached skill level 5 in Shapeshifting
  5149 | D:7      | Reached XP level 9. HP: 49/57 MP: 9/9
  5272 | D:7      | Found Vaj Eluc's Specific Store.
  5274 | D:7      | Found Kodo Weidi's General Store.
  5339 | D:7      | Reached skill level 9 in Unarmed Combat
  6100 | D:8      | Slain by a wight

Illustrated notes

Levels and vault maps discovered:
D:1:      matt_arrival_grand_opening, layout_rooms, serial_shops,
          nicolae_shop_temple_entry_statues_fountains, shop,
          nicolae_shop_industrial_runoff
D:2:      layout_basic
D:3:      layout_basic, amcnicky_mini_corridor_feature, st_stairs_3,
          reono_crystal_passage, kennysheep_doodads,
          minmay_randomly_rotated_circles
D:4:      layout_cave_pods, nicolae_overflow_hidden_temple, minmay_misc_feat_x
D:5:      layout_rooms, nicolae_shop_self_help
D:6:      layout_basic, minmay_temple_entry_overgrown,
          ebering_ghost_reflecting_pool, minmay_fountain_box, amethyst_killhole,
          patterned_corridor, uniq_menkaure
D:7:      layout_gridville, nicolae_specific_store, fountainhead
D:8:      minmay_general_purpose_star, layout_gridville, serial_shops,
          nicolae_shop_tiny_glass, hangedman_abyss_or_decor_lesser_grid
Temple:   compressed_dpeg_triangle_lava_temple

Skill      XL: |  1  2  3  4  5  6  7  8  9 |
---------------+----------------------------+-----
Unarmed Combat | 1 2 3 4 5 7 8 9 |  9.4
Fighting       | 2 3 |  3.9
Shapeshifting  | 1 3 5 |  5.7
Dodging        | |  2.3
Stealth        | |  1.3
Evocations     | |  3.2

Action                     |  1- 3 |  4- 6 |  7- 9 || total
---------------------------+-------+-------+-------++-------
  Melee: Unarmed           |    96 |   140 |   110 ||   346
         Constrict         |    25 |    37 |    27 ||    89
         Tentacles         |    23 |    28 |    35 ||    86
         Punch             |     1 |     3 |     7 ||    11
  Evoke: Wand              |       |    14 |     8 ||    22
    Use: Potion            |       |       |     2 ||     2
   Stab: Sleeping          |     5 |     4 |     2 ||    11
         Distracted        |     2 |       |       ||     2
 Armour: Skin              |    33 |    71 |    76 ||   180
  Dodge: Dodged            |    66 |    78 |    80 ||   224
   Form: Beast             |       |     1 |     1 ||     2
                           |       |       |     3 ||     3
         Storm             |       |       |     1 ||     1
         Flux              |       |       |     1 ||     1
